[Event "14th Margaryan Memorial-IM 2024"]
[Site "Yerevan"]
[Date "2024.01.14"]
[Round "7.6"]
[White "Hayrapetyan, Edgar"]
[Black "Zakaryan, David"]
[Result "1-0"]
[ECO "D43"]
[WhiteElo "2233"]
[BlackElo "2299"]
[Annotator "ChessBase"]
[PlyCount "117"]
[EventDate "2024.01.08"]
[EventType "tourn"]
[EventCountry "ARM"]
[SourceTitle "playchess.com"]
[Source "ChessBase"]
[SourceQuality "1"]
[TimeControl "40/5400+30:1800+30"]

1. d4 Nf6 2. c4 e6 3. Nf3 d5 4. Nc3 c6 5. Bg5 h6 6. Bh4 dxc4 7. e4 g5 8. Bg3 b5 9. Be2 Bb7 10. h4 g4 11. Ne5 Nbd7 12. O-O a6 13. Qc2 Rg8 14. Rad1 Nh5 15. Nxd7 Qxd7 16. Be5 f6 17. Bh2 O-O-O 18. a4 g3 19. Bxh5 gxh2+ 20. Kh1 Kb8 21. Bf3 Qc7 22. Ne2 c5 23. axb5 axb5 24. b3 cxd4 25. Nxd4 Qb6 26. Nxb5 Rc8 27. bxc4 Qxb5 28. Rb1 Qe5 29. Qa4 Rg7 30. Rb3 Rd8 31. Rb5 Bc5 32. Qa5 Rc7 33. Rfb1 Rd6 34. h5 Rdc6 35. Qa4 Rd7 36. R5b2 Rcd6 37. Rb5 Rc6 38. R5b2 Rdc7 39. Rb5 Qd4 40. e5 Rb6 41. Ra1 Rh7 42. Bxb7 Rhxb7 43. Rd1 fxe5 44. Rxd4 Bxd4 45. Qb4 Rxb5 46. Qf8+ Ka7 47. cxb5 Rxb5 48. Qxh6 Bxf2 49. Qxe6 Be3 50. Kxh2 e4 51. Qf7+ Ka6 52. g4 Bb6 53. h6 Rb2+ 54. Kh3 e3 55. h7 e2 56. Qc4+ Ka7 57. h8=Q e1=Q 58. Qg7+ Kb8 59. Qcg8+ 1-0

[Event "14th Margaryan Memorial-IM 2024"]
[Site "Yerevan"]
[Date "2024.01.14"]
[Round "7.7"]
[White "Gasparyan, Erik R."]
[Black "Sagradov Sahakyan, Alexander"]
[Result "1/2-1/2"]
[ECO "C01"]
[WhiteElo "2340"]
[BlackElo "1423"]
[Annotator "RC"]
[PlyCount "74"]
[EventDate "2024.01.08"]
[EventType "tourn"]
[EventCountry "ARM"]
[SourceTitle "playchess.com"]
[Source "ChessBase"]
[SourceQuality "1"]
[TimeControl "40/5400+30:1800+30"]

1. e4 e6 2. d4 d5 3. exd5 exd5 4. Bd3 Nc6 5. c3 Bd6 6. Qf3 Nge7 7. Ne2 O-O 8. O-O Ng6 9. Nf4 Qf6 10. Nxd5 Qxf3 11. gxf3 Nh4 12. Bf4 Bh3 13. Rd1 Nxf3+ 14. Kh1 Rad8 15. Be4 Bg4 16. h3 f5 17. hxg4 fxe4 18. Be3 h5 19. c4 hxg4 20. Nbc3 Rf5 21. Nxe4 Rh5+ 22. Kg2 Rh2+ 23. Kf1 Ncxd4 24. Nxd6 Rxd6 25. Bf4 Rh1+ 26. Kg2 Rxd1 27. Rxd1 Ra6 28. a3 c5 29. Kg3 Re6 30. b4 Ne5 31. Bxe5 Rxe5 32. bxc5 Nb3 33. Ne3 Nxc5 34. Nxg4 Re2 35. Rd8+ Kh7 36. Rc8 b6 37. Rc7 a5 1/2-1/2

[Event "14th Margaryan Memorial-IM 2024"]
[Site "Yerevan"]
[Date "2024.01.14"]
[Round "7.8"]
[White "Rostomyan, Mikayel"]
[Black "Kaiyrbekov, Rustam"]
[Result "1-0"]
[ECO "E14"]
[WhiteElo "2294"]
[BlackElo "2295"]
[Annotator "ChessBase"]
[PlyCount "111"]
[EventDate "2024.01.08"]
[EventType "tourn"]
[EventCountry "ARM"]
[SourceTitle "playchess.com"]
[Source "ChessBase"]
[SourceQuality "1"]
[TimeControl "40/5400+30:1800+30"]

1. d4 Nf6 2. Nf3 e6 3. c4 Bb4+ 4. Nbd2 b6 5. a3 Bxd2+ 6. Qxd2 Bb7 7. b4 d6 8. Bb2 Nbd7 9. e3 O-O 10. Be2 Ne4 11. Qc2 f5 12. O-O Rf6 13. d5 e5 14. Nd2 Nxd2 15. Qxd2 Rh6 16. g3 Qe7 17. f4 Rf6 18. Bf3 Rff8 19. Rae1 e4 20. Be2 a5 21. Ra1 Ra7 22. Kh1 Nf6 23. Bc3 axb4 24. axb4 Rfa8 25. Rxa7 Rxa7 26. Rg1 Bc8 27. h3 Qf7 28. b5 Bd7 29. Qb2 Qg6 30. Kh2 Kf8 31. Kg2 Ke7 32. Kf2 Qh6 33. Kg2 Qg6 34. Bd4 Ra8 35. Bc3 Ra4 36. Ra1 Rxa1 37. Qxa1 Ne8 38. Qd1 Nf6 39. Qd4 Qe8 40. Qd1 Qa8 41. g4 Qa2 42. Kg3 Qa3 43. Qd2 Qb3 44. g5 Ne8 45. h4 Kf8 46. h5 Ke7 47. Kg2 Qb1 48. Bb2 g6 49. h6 Kd8 50. Bh5 Qd3 51. Qxd3 exd3 52. Bxg6 d2 53. Bh5 Ke7 54. Kf2 Kf8 55. Ke2 Kg8 56. g6 1-0

[Event "14th Margaryan Memorial-IM 2024"]
[Site "Yerevan"]
[Date "2024.01.14"]
[Round "7.9"]
[White "Ambartsumian, Tyhran"]
[Black "Lomsadze, Davit"]
[Result "1/2-1/2"]
[ECO "C45"]
[WhiteElo "2224"]
[BlackElo "2253"]
[Annotator "RC"]
[PlyCount "50"]
[EventDate "2024.01.08"]
[EventType "tourn"]
[EventCountry "ARM"]
[SourceTitle "playchess.com"]
[Source "ChessBase"]
[SourceQuality "1"]
[TimeControl "40/5400+30:1800+30"]

1. e4 e5 2. Nf3 Nc6 3. d4 exd4 4. Nxd4 Bc5 5. Nb3 Bb6 6. Nc3 Nf6 7. Qe2 d6 8. Be3 O-O 9. O-O-O Re8 10. f3 Be6 11. g4 Qe7 12. Kb1 Nd7 13. h4 a5 14. a4 Bxe3 15. Qxe3 Bxb3 16. cxb3 Nb4 17. g5 Nc5 18. h5 Rad8 19. g6 c6 20. Rg1 fxg6 21. hxg6 d5 22. e5 Qxe5 23. Qxc5 Qf5+ 24. Ka1 Nc2+ 25. Ka2 Nb4+ 1/2-1/2

[Event "14th Margaryan Memorial-IM 2024"]
[Site "Yerevan"]
[Date "2024.01.14"]
[Round "7.10"]
[White "Putrenko, Kirill"]
[Black "Pashikyan, Rudolf"]
[Result "1-0"]
[ECO "D36"]
[WhiteElo "2353"]
[BlackElo "2287"]
[Annotator "RC"]
[PlyCount "85"]
[EventDate "2024.01.08"]
[EventType "tourn"]
[EventCountry "ARM"]
[SourceTitle "playchess.com"]
[Source "ChessBase"]
[SourceQuality "1"]
[TimeControl "40/5400+30:1800+30"]

1. d4 Nf6 2. c4 e6 3. Nc3 d5 4. cxd5 exd5 5. Bg5 c6 6. e3 Be7 7. Bd3 O-O 8. Qc2 Nbd7 9. h3 h6 10. Bf4 c5 11. Nge2 b6 12. Nb5 Bb7 13. Nd6 Bxd6 14. Bxd6 Re8 15. Qd1 Ne4 16. Bf4 c4 17. Bc2 b5 18. O-O Qb6 19. f3 Nef6 20. Qd2 Qe6 21. Kf2 b4 22. g4 g5 23. Bh2 Nb6 24. b3 c3 25. Qc1 Ba6 26. Re1 Bxe2 27. Rxe2 a5 28. a4 Nc4 29. bxc4 dxc4 30. Bf5 Qb6 31. h4 Nd5 32. hxg5 b3 33. Rb1 hxg5 34. Be5 Rxe5 35. dxe5 Qc7 36. Qh1 Ra6 37. Qh7+ Kf8 38. Qh8+ Ke7 39. Rd1 Qc5 40. Be4 c2 41. Rxd5 Qxd5 42. Bxd5 c1=Q 43. Qh7 1-0

[Event "14th Margaryan Memorial-IM 2024"]
[Site "Yerevan"]
[Date "2024.01.15"]
[Round "8.1"]
[White "Babujian, Levon"]
[Black "Shuvalova, Polina"]
[Result "1/2-1/2"]
[ECO "D37"]
[WhiteElo "2346"]
[BlackElo "2475"]
[Annotator "TA"]
[PlyCount "190"]
[EventDate "2024.01.08"]
[EventType "tourn"]
[EventCountry "ARM"]
[SourceTitle "playchess.com"]
[Source "ChessBase"]
[SourceQuality "1"]
[TimeControl "40/5400+30:1800+30"]

1. d4 Nf6 2. c4 e6 3. Nf3 d5 4. Nc3 Be7 5. Bf4 O-O 6. e3 Nbd7 7. c5 Nh5 8. Bd3 Nxf4 9. exf4 b6 10. b4 a5 11. a3 c6 12. O-O Ba6 13. Bxa6 Rxa6 14. Qe2 Qa8 15. Rab1 axb4 16. axb4 Bf6 17. Rfc1 Ra3 18. Ne5 Nxe5 19. fxe5 Bg5 20. Rc2 bxc5 21. bxc5 Rb8 22. Rcb2 Rxb2 23. Qxb2 h5 (23... f6 $5 ) 24. Qc2 g6 25. g3 Qa5 26. Rb3 Rxb3 27. Qxb3 Qa1+ 28. Kg2 Qe1 29. Qc2 $1 Bd2 30. Nd1 g5 31. h3 g4 32. hxg4 hxg4 33. f4 $2 (33. Kh2 $11 {and White stays safe.}) 33... Qe2+ $19 (33... gxf3+ 34. Kxf3 Kg7 35. Kg2 $19) 34. Kg1 Kg7 35. Nf2 Qe3 $1 36. Kf1 Bc3 (36... Qxd4 37. Nxg4 Qa1+ 38. Kg2 $11) 37. Qd3 Qxd3+ (37... Qxd4 38. Qe2 $17) (37... Bxd4 38. Qxe3 Bxe3 39. Nd3) 38. Nxd3 Bxd4 39. Nb4 $2 (39. Ke2) 39... Bxc5 $19 40. Nxc6 Kf8 41. Ke2 $2 (41. Na5 Ke7 42. Ke2) 41... Ke8 $19 42. Na5 Kd7 43. Nb3 Kc6 44. Nd2 Kb5 45. Kd3 Bf2 46. Nf1 Kc5 47. Ke2 Bg1 $1 48. Kd3 Kb4 49. Nd2 Bf2 50. Nf1 Kb3 51. Ke2 Bg1 52. Kd3 Kb2 53. Kd2 Ka3 $1 54. Kc3 Bf2 55. Kd3 Kb4 56. Ke2 Bg1 $1 57. Kd3 Kb3 $1 58. Nd2+ Kb2 $1 59. Nf1 Kc1 $1 60. Nd2 Kd1 61. Nb1 Bf2 62. Nc3+ Ke1 63. Ne2 Bxg3 64. Nxg3 Kf2 65. Ne2 g3 66. f5 g2 $2 (66... exf5 {mates} 67. Nf4 g2 68. Nh3+ Kf1 69. Ke3 g1=Q+ 70. Nxg1 Kxg1 71. Kf3 d4 72. Ke2 Kg2 73. Kd2 f4 74. Ke2 f3+ 75. Kd3 f2 76. Kxd4 f1=Q 77. Kd5 Qa6 78. Kc5 Kf2 79. Kb4 Qe6 80. Kb5 Ke3 81. Ka5 Kd3 82. Kb5 Kd4 83. Kb4 Qb6+ 84. Ka3 Kc3 85. Ka4 Qb4#) 67. f6 $11 g1=Q (67... g1=R $2 68. Nxg1 Kxg1 69. Kd4 $19) (67... Kf3 $5 68. Ng1+ $8 Kf2 69. Nh3+ Kg3 $11) 68. Nxg1 Kxg1 69. Kd4 Kf2 70. Kc5 $1 Ke3 71. Kd6 $1 d4 (71... Ke4 $5 72. Ke7 $8 d4 73. Kxf7 Kxe5 $11) 72. Ke7 $1 d3 73. Kxf7 d2 74. Kxe6 d1=Q (74... d1=B {is a self mate.} 75. f7 Bb3+ 76. Ke7 Ke4 77. f8=Q (77. f8=R Kxe5 78. Rf1 Bc2 $11) 77... Kd3 78. Kf6 Bd5 79. Qc5) 75. Ke7 $1 Qd4 76. f7 $2 (76. e6 $11 {and White has nothing to worry.}) 76... Qxe5+ $19 77. Kd7 {[%emt 0:00:12] [#]} Qf6 $1 78. Ke8 Qe6+ 79. Kf8 {[%emt 0:00:04] [#]} Kf4 $2 (79... Ke2 $1 $19 80. Kg8 Qg6+ 81. Kh8 (81. Kf8 Kf3 $15) 81... Qf6+ 82. Kg8 Qe6) 80. Kg7 $11 Qd7 81. Kh8 Qe7 82. Kg8 Qe6 83. Kg7 Qe5+ 84. Kg8 Qd5 85. Kg7 Qg5+ 86. Kh7 Qh5+ 87. Kg8 Qg4+ 88. Kh7 Qf5+ 89. Kg8 $1 Qg6+ 90. Kh8 Qf6+ 91. Kg8 Qg5+ 92. Kh7 Qf5+ 93. Kg8 Qe6 94. Kg7 Qe7 95. Kg8 Qg5+ 1/2-1/2

[Event "14th Margaryan Memorial-IM 2024"]
[Site "Yerevan"]
[Date "2024.01.15"]
[Round "8.2"]
[White "Movahed, Sina"]
[Black "Davtyan, Arsen"]
[Result "1/2-1/2"]
[ECO "C78"]
[WhiteElo "2450"]
[BlackElo "2392"]
[Annotator "TA"]
[PlyCount "159"]
[EventDate "2024.01.08"]
[EventType "tourn"]
[EventCountry "ARM"]
[SourceTitle "playchess.com"]
[Source "ChessBase"]
[SourceQuality "1"]
[TimeControl "40/5400+30:1800+30"]

1. e4 e5 2. Nf3 Nc6 3. Bb5 a6 4. Ba4 Nf6 5. O-O b5 6. Bb3 Bc5 7. c3 d6 8. d4 Bb6 9. a4 Rb8 10. a5 {[%emt 0:00:13] C78: Ruy Lopez: Archangelsk and Möller Defences.} Ba7 (10... Nxa5 11. Rxa5 Bxa5 12. dxe5 $14) (10... Bxa5 $2 11. dxe5 (11. d5 Ne7 $18) 11... dxe5 12. Qxd8+ Kxd8 13. Bd5 (13. Bxf7 Bb6 $16) 13... Nxd5 14. exd5 $18) 11. h3 O-O 12. Be3 Ra8 13. Nbd2 h6 14. Re1 Re8 15. Bc2 $1 {[%emt 0:01:47][%mdl 4] now scores much better than the old 15.Qc2.} Bb7 16. d5 Nb8 {[%emt 0:02:07] [#]} 17. c4 $146 ({Predecessor:} 17. Bxa7 Rxa7 18. b3 c5 19. Nf1 Nbd7 20. Ne3 g6 21. Qd2 Kh7 22. g4 h5 23. Kg2 {0-1 Arakhamia Grant,K (2456)-Bok,B (2488) Antwerp InventiChess 2011 (9)}) 17... c6 18. b3 Bxe3 19. Rxe3 cxd5 20. cxd5 Re7 21. b4 Rc7 22. Raa3 Nbd7 23. Rac3 Rac8 24. Nb1 Nf8 25. Qd2 Ng6 26. Bd3 Qd7 27. Bf1 Nh7 28. Rxc7 Rxc7 29. Nc3 f5 30. exf5 Ne7 31. Nh4 Nf6 32. Rg3 (32. g4 {simplifies} Qc8 33. Ng6 Nexd5 34. Nxd5 Nxd5 35. Re1) 32... Rxc3 {[%emt 0:07:56][%mdl 64] Remove Defender, Decoy} 33. Qxc3 (33. Rxc3 Ne4 34. Qe3 Nxc3 35. Qxc3 Kf7 $11) 33... Ne4 {[%emt 0:00:01] A dynamic duo of knights.} (33... Nfxd5 34. Qd2 Kf7 35. Rd3 $16) 34. Qb3 Nxg3 35. Qxg3 Nxd5 36. Be2 Nf6 37. Kh2 Bd5 38. Qe3 Qb7 39. Ng6 Kf7 (39... Bxg2 $2 40. f3 $18) 40. g4 Qc7 41. h4 Bb7 42. f3 $2 {[%emt 0:10:52] [#]} (42. Bf3 $11) 42... Nd5 $1 $19 43. Qa7 Nxb4 {[%emt 0:01:44] And now ...Nc6 would win.} 44. Bd1 $2 (44. Qe3 {might work better.}) 44... Nc6 45. Bb3+ Ke8 46. Qe3 Nd4 (46... Nxa5 $2 {loses.} 47. Be6 $19) (46... Qxa5 47. f6 gxf6 48. Qxh6 $15) 47. f6 Nxb3 {[%emt 0:01:25][%mdl 64] Remove Defender} (47... Qxa5 $2 48. fxg7 Kd7 49. g8=Q $18 (49. g8=B Nxf3+ 50. Kg3 Nd2 $11)) 48. Qxb3 {[%emt 0:00:10][%mdl 4096] Endgame KQB-KQN} Qf7 {[%emt 0:00:08] Inhibits Qe6+.} (48... Qxa5 $2 {leads to mate.} 49. Qe6+ Kd8 50. Qxd6+ Ke8 51. Qe7#) 49. Qc2 gxf6 (49... Bxf3 $2 50. Qc8#) 50. Qf5 b4 {[%emt 0:02:44] Hoping for ...b3.} 51. Nh8 Qc4 52. Qg6+ Kd7 53. Qg7+ Kc6 {[%emt 0:01:32] ...Qf1 would be deadly.} 54. Qe7 Qd5 55. Nf7 Kc5 {[%emt 0:00:00] White must now prevent ...Qd2+.} 56. Nxd6 Qxd6 57. Qxb7 {[%emt 0:00:02] KQ-KQ} e4+ 58. Kh3 exf3 59. Qxf3 Kb5 60. h5 Kxa5 61. Qe3 Qf8 $2 (61... Qc7 {( -> ...Qc3)} 62. Qe6 Qc3+ 63. Kh4 b3 64. Qd5+ Ka4 65. Qd7+ Ka3 66. Qd6+ Kb2 67. Qxa6 Qe1+ 68. Kh3 Kc2) 62. Qc1 {[%emt 0:01:19] [#]} b3 $2 (62... Kb6 $1 $19 {Strongly threatening ...Qc5.} 63. Qf4 a5 64. Qf2+ Qc5 65. Qxf6+ Kb5) 63. Qc7+ $1 $11 {[%emt 0:00:16] The position is equal.} Kb4 {[%emt 0:00:26] aiming for ...Qc5.} 64. Qb6+ Kc3 (64... Kc4 $5 65. Qe6+ $8 Kd4 66. Qxb3 Qg7 $11) 65. Qe3+ Kc2 66. Qe2+ Kb1 67. Qd1+ $1 Ka2 68. Qe2+ Kb1 69. Qd1+ $1 Ka2 70. Qe2+ b2 71. Qc4+ Ka3 72. Qxa6+ Kb3 73. Qd3+ Kb4 74. Qc2 Ka3 75. Qc3+ Ka2 76. Qc4+ Kb1 77. Qd3+ Ka1 78. Qa6+ Kb1 {[%emt 0:00:08] ...Qc5 is the strong threat.} 79. Qd3+ Kc1 80. Qc3+ {[%emt 0:00:07] White happily takes the draw.   Weighted Error Value: White=0.48/Black=0.17 (very precise)} 1/2-1/2

[Event "14th Margaryan Memorial-IM 2024"]
[Site "Yerevan"]
[Date "2024.01.15"]
[Round "8.3"]
[White "Shahinyan, David"]
[Black "Ivanov, Sergey"]
[Result "1-0"]
[ECO "C01"]
[WhiteElo "2436"]
[BlackElo "2462"]
[Annotator "TA"]
[PlyCount "139"]
[EventDate "2024.01.08"]
[EventType "tourn"]
[EventCountry "ARM"]
[SourceTitle "playchess.com"]
[Source "ChessBase"]
[SourceQuality "1"]
[TimeControl "40/5400+30:1800+30"]

1. e4 e6 2. d4 d5 3. Bd3 dxe4 4. Bxe4 Nf6 5. Bf3 c5 6. Ne2 Be7 {[%emt 0:00:25] C01: French: Exchange Variation.} 7. Be3 O-O 8. Nbc3 cxd4 {[%emt 0:00:47] The position is equal.} 9. Nxd4 e5 10. Nb3 Nc6 11. O-O Bf5 12. Bxc6 bxc6 13. Qe2 {[%emt 0:00:07] [#]} Nd5 $146 ({Predecessor:} 13... Qc7 14. Rad1 a5 15. f3 Rfb8 16. Na4 Rb4 17. Nbc5 Bxc5 18. Nxc5 Rxb2 19. f4 Rxc2 {0-1 Li,T (1822)-Tsay,V (2310) PNWCC Online blitz JP 8th 2020 (2)}) 14. Rfd1 Nxc3 15. bxc3 Qc7 16. Rd2 c5 17. Qa6 Rfd8 18. Rad1 {[%emt 0:02:10] [#]} Bxc2 19. Rxd8+ $11 Rxd8 20. Rxd8+ Qxd8 21. h3 Qc7 22. Qb5 {[%emt 0:01:47] Black must now prevent Qe8+.} Bxb3 23. Qe8+ Bf8 24. axb3 {[%emt 0:00:06][%mdl 4096] Endgame KQB-KQB} a5 25. c4 f6 26. Qe6+ Kh8 27. g4 Qd6 28. Qf7 h6 29. Qa7 Kg8 30. Kg2 Qd3 31. Qa8 Kf7 ({Much less strong is} 31... Qxb3 32. Bxc5 Qxc4 33. Bxf8 $16) 32. Qb7+ Kg6 33. h4 f5 34. Qc8 f4 35. Bxc5 Bxc5 36. Qxc5 {[%emt 0:00:03] KQ-KQ} Qe2 37. Qc6+ Kh7 $1 38. Qf3 Qc2 39. h5 Kh8 40. Qd5 e4 {[%emt 0:00:00] ...e3 is the strong threat.} 41. Qf5 ({Much worse is} 41. Qxa5 e3 42. Qe1 Qe4+ 43. f3 Qc2+ 44. Kh3 Qxb3 $17) 41... f3+ ({Better is} 41... a4 $11) 42. Kg3 $14 {[%emt 0:00:19] Hoping for Qc8+.} Qxb3 43. Qxe4 a4 44. c5 a3 45. c6 {[%emt 0:00:58] Threatening mate with Qe8+.} (45. Qxf3 Qxf3+ 46. Kxf3 a2 $19) 45... Qc3 46. Qxf3 Qe5+ 47. Kg2 a2 {[%emt 0:00:43] [#]} 48. c7 $1 Qxc7 49. Qa8+ Kh7 50. Qxa2 Qf4 $2 {[%emt 0:00:43][%mdl 8192] This move loses the game for Black.} (50... Qc6+ $16 51. f3 Qc5) 51. Qc2+ $1 $18 Kg8 52. Qc8+ $1 Kf7 53. Qd7+ Kf6 54. Qd8+ $1 Kf7 55. Qd5+ $1 Ke7 56. Qb7+ $1 Kf6 57. Qf3 {[%emt 0:02:58] White mates.} Kg5 58. Qxf4+ Kxf4 {[%emt 0:00:06] K3P-KPP} 59. f3 Ke5 60. Kg3 Ke6 61. Kf4 Kf6 {[%emt 0:00:00] [#]} 62. g5+ $1 hxg5+ {[%emt 0:00:20] KPP-KPP} 63. Kg4 Ke6 64. Kxg5 {[%emt 0:00:03] KPP-KP} Kf7 65. Kf5 Ke7 {[%emt 0:01:17] [#]} 66. Kg6 $1 Kf8 {[%emt 0:00:05] [#]} 67. h6 $1 gxh6 68. Kxh6 Kf7 69. Kg5 Kf8 70. f4 $2 {[%emt 0:07:42][%mdl 32768] Weighted Error Value: White=0.03 (flawless) /Black=0.18 (very precise) . Loss on time!?} (70. Kf6 {mates} Ke8 71. f4 Kd8 72. Kg7 Ke8 73. f5 Kd8 74. f6 Kc7 75. f7) 1-0

[Event "14th Margaryan Memorial-IM 2024"]
[Site "Yerevan"]
[Date "2024.01.15"]
[Round "8.5"]
[White "Ohanyan, Emin"]
[Black "Sorensen, Hampus"]
[Result "1-0"]
[ECO "C45"]
[WhiteElo "2456"]
[BlackElo "2458"]
[Annotator "TA"]
[PlyCount "93"]
[EventDate "2024.01.08"]
[EventType "tourn"]
[EventCountry "ARM"]
[SourceTitle "playchess.com"]
[Source "ChessBase"]
[SourceQuality "1"]
[TimeControl "40/5400+30:1800+30"]

1. e4 e5 2. Nf3 Nc6 3. d4 exd4 4. Nxd4 Qf6 5. Be3 Bc5 6. c3 d6 7. Be2 {[%emt 0:03:25] C45: Scotch Game.} Qg6 (7... Nge7 {simplifies} 8. O-O O-O 9. Nxc6 Nxc6 10. Bxc5 dxc5 11. f4 Be6) 8. O-O (8. Nb5 {with more complications.} Bxe3 9. Nxc7+ Kd7 10. Nxa8 Qxg2 11. Rf1) 8... Nf6 {[%emt 0:22:02] Wards off Bh5} 9. Nd2 {[%emt 0:13:32] The position is equal.} Bh3 10. Bf3 Ne5 11. Kh1 Bd7 {[%emt 0:09:25] [#]} 12. Be2 $146 ({Predecessor:} 12. a4 a5 13. Qe2 O-O 14. g3 Nxf3 15. Qxf3 Rae8 16. Qf4 Nxe4 17. N2f3 Re7 18. Rfe1 {0-1 Philipp,G-Jakoby,H GER-ch Seniors 13th 2001 (4)}) 12... Neg4 $1 (12... Nxe4 13. Bh5 Nxd2 14. Bxg6 Nxf1 15. Bxf7+ Nxf7 16. Qxf1 $16) 13. Bxg4 Nxg4 14. Qf3 Nxe3 ({But not} 14... Qh5 15. h3 $11) 15. fxe3 O-O 16. b4 Bb6 17. a4 Rae8 (17... a6 $17) 18. a5 $11 Bxd4 19. exd4 Bc6 20. Rae1 Re7 21. c4 Rfe8 22. d5 Bd7 23. h3 Re5 24. Qf4 h6 25. Re3 b6 26. axb6 axb6 27. Rfe1 f6 28. Ra1 f5 29. Ra7 (29. Rg3 $11 Qf6 30. Ra7) 29... Rc8 (29... fxe4 $15 30. Qf2 (30. Rxc7 Rf8 $17) 30... Rc8) 30. Rg3 Qf7 (30... Qf6 {keeps more tension.} 31. c5 dxc5 32. bxc5 bxc5 33. Ra6 Qxa6 34. Qxe5 g5) 31. exf5 (31. c5 {simplifies} bxc5 32. bxc5 fxe4 33. Qxf7+ Kxf7 34. cxd6 Rxd5 35. Nxe4 Re5 36. Nc3) 31... Rxf5 (31... Bxf5 $11 32. Kh2 (32. Qxh6 Bxh3 33. Kg1 Bf5 $11) 32... g5) 32. Qxh6 $16 {[%emt 0:00:17] White has more active pieces. White leaves nothing to chance now.} b5 {[%emt 0:00:20] [#]} 33. cxb5 $1 {[%emt 0:00:39] Hoping for Ne4.} Bxb5 {[%emt 0:00:27] [#]} (33... Rf6 $16 {keeps fighting.} 34. Qe3 Bxb5) 34. Rxg7+ $3 $18 {[%mdl 576] Deflection} Qxg7 35. Qe6+ Rf7 36. Qxc8+ Kh7 37. Qe6 Bd3 38. Qe3 {[%emt 0:00:39] Against Rf2} Bf5 39. Nf3 {[%emt 0:00:31] Ng5+ would be deadly.} Re7 $2 (39... Qh6 40. Qe8 Kg7) 40. Qf4 ({Weaker is} 40. Ng5+ Kg6 41. Ne6 Bxe6 $18) 40... Qf6 41. g4 Qb2 42. Qxf5+ Kg7 43. Qg5+ Kf7 44. Qf4+ (44. Ra8 $142 Qb1+ 45. Kh2 Re2+ 46. Kg3 Qg6 47. Qd8 Qg7 48. Qd7+ Kf6 49. g5+ Qxg5+ 50. Nxg5) 44... Kg6 45. Nh4+ {[%emt 0:00:14] White mates.} Kh7 46. Qf5+ Kg7 47. Qg6+ {[%emt 0:00:02] Weighted Error Value: White=0.07 (flawless) /Black=0.48} 1-0

[Event "14th Margaryan Memorial-IM 2024"]
[Site "Yerevan"]
[Date "2024.01.15"]
[Round "8.6"]
[White "Zakaryan, David"]
[Black "Pashikyan, Rudolf"]
[Result "1-0"]
[ECO "C47"]
[WhiteElo "2299"]
[BlackElo "2287"]
[Annotator "RC"]
[PlyCount "43"]
[EventDate "2024.01.08"]
[EventType "tourn"]
[EventCountry "ARM"]
[SourceTitle "playchess.com"]
[Source "ChessBase"]
[SourceQuality "1"]
[TimeControl "40/5400+30:1800+30"]

1. e4 e5 2. Nf3 Nc6 3. Nc3 Nf6 4. d4 exd4 5. Nxd4 Bb4 6. Nxc6 bxc6 7. Bd3 O-O 8. O-O Re8 9. Bg5 d6 10. f4 Qe7 11. Kh1 Qe6 12. e5 dxe5 13. f5 Qd6 14. Bxf6 Qxf6 15. Ne4 Qd8 16. Qg4 Bf8 17. Rad1 Qe7 18. Ng5 h6 19. Nxf7 Qf6 20. Bc4 Kh7 21. Rd3 Be7 22. Rg3 1-0

[Event "14th Margaryan Memorial-IM 2024"]
[Site "Yerevan"]
[Date "2024.01.15"]
[Round "8.7"]
[White "Lomsadze, Davit"]
[Black "Putrenko, Kirill"]
[Result "0-1"]
[ECO "A43"]
[WhiteElo "2253"]
[BlackElo "2353"]
[Annotator "TA"]
[PlyCount "64"]
[EventDate "2024.01.08"]
[EventType "tourn"]
[EventCountry "ARM"]
[SourceTitle "playchess.com"]
[Source "ChessBase"]
[SourceQuality "1"]
[TimeControl "40/5400+30:1800+30"]

1. d4 Nf6 2. Nf3 d5 3. g3 c5 4. Bg2 cxd4 5. Nxd4 e5 6. Nb3 Nc6 7. Bg5 Be6 8. O-O Be7 9. Nc3 {[%emt 0:00:23] 9.Bxf6 might become the main line.} d4 {[%emt 0:01:58] A43: Schmid Benoni.} 10. Na4 Bd5 {[%emt 0:09:22] [#] ...Bxg2 is the strong threat.} 11. Bxf6 gxf6 {[%emt 0:01:24] The position is equal.} 12. Qd3 Bxg2 13. Kxg2 {[%emt 0:03:20] [#]} Rc8 $146 ({Predecessor:} 13... h5 14. h3 Qd7 15. Qf3 f5 16. Nac5 e4 17. Qf4 Bxc5 18. Nxc5 Qd5 19. Nxb7 Ne7 {1-0 Garcia Martinez,M (1955)-Gonzalez Santamartina,J (1917) Villa Navarrete 2013 (3.5)}) 14. c3 (14. Qf3 $11) 14... Qd7 $17 15. Qb5 (15. f4 $17 {might work better.}) 15... a6 $19 16. Qd3 {[%emt 0:00:16] aiming for Nb6.} Na7 17. cxd4 {[%emt 0:00:12] Black must now prevent Nc3.} Qxa4 18. Rac1 O-O ({Don't take} 18... Qxa2 19. Rxc8+ Nxc8 20. Qc2 $18) 19. f4 $2 (19. Qf3) 19... exd4 (19... Qxa2 $2 {too greedy.} 20. Rxc8 Nxc8 21. fxe5 fxe5 22. dxe5 Qxb2 23. Rf5 $19) 20. Qe4 Nc6 (20... Qxa2 $2 {loses.} 21. Qxb7 d3 22. exd3 Rxc1 23. Nxc1 $19) 21. Nc5 (21. Qf3 $142) 21... Bxc5 22. Rxc5 Rfe8 23. Qf3 Qxa2 24. Qg4+ Kf8 25. Qh4 Rxe2+ 26. Kh3 Qe6+ 27. f5 Qe4 28. Qxf6 Qg2+ {[%emt 0:00:16] Black mates.} 29. Kg4 Qxf1 30. Qh8+ Ke7 31. Qxc8 Re4+ 32. Kg5 {[%emt 0:00:08] [#]} h6+ $1 {[%emt 0:00:11] White did not feel at home in the position after the opening.   Weighted Error Value: White=0.95/Black=0.43} 0-1

[Event "14th Margaryan Memorial-IM 2024"]
[Site "Yerevan"]
[Date "2024.01.15"]
[Round "8.8"]
[White "Kaiyrbekov, Rustam"]
[Black "Ambartsumian, Tyhran"]
[Result "1/2-1/2"]
[ECO "D30"]
[WhiteElo "2295"]
[BlackElo "2224"]
[Annotator "NA"]
[PlyCount "132"]
[EventDate "2024.01.08"]
[EventType "tourn"]
[EventCountry "ARM"]
[SourceTitle "playchess.com"]
[Source "ChessBase"]
[SourceQuality "1"]
[TimeControl "40/5400+30:1800+30"]

1. d4 d5 2. c4 c6 3. Nf3 Nf6 4. Qc2 e6 5. Nbd2 c5 6. cxd5 cxd4 7. Nxd4 exd5 8. e3 Bd6 9. Be2 O-O 10. O-O Nbd7 11. N2f3 Ne5 12. b3 Bd7 13. Nxe5 Bxe5 14. Bb2 Rc8 15. Qd1 Ne4 $11 16. Qe1 f5 17. g3 Qb6 18. Rd1 Rfe8 19. Ba1 Bd6 20. Bd3 Bb4 21. Qe2 a6 22. Rc1 Qg6 23. Rxc8 Rxc8 24. Bb2 h5 25. Nf3 Nc3 26. Bxc3 Bxc3 27. Rc1 Qf6 28. h4 g6 29. Qd1 b5 30. Bf1 Qd6 31. Qd3 Bf6 32. Rxc8+ Bxc8 33. Qc2 Bd7 34. Nd4 Kf7 35. Qd2 Ke7 36. b4 Be8 37. Bg2 Bf7 38. Bf3 Qb6 39. Bd1 f4 40. gxf4 Bxh4 41. Bxh5 Bf6 42. Bf3 Qd6 43. Qc3 Kf8 44. Kf1 Be7 45. a3 Bf6 46. Ke2 Kg7 47. Bg4 Qb6 48. Kd3 Qd6 49. Qc5 Qd8 50. Qc6 Qe7 51. f3 a5 52. Qxb5 axb4 53. Qxb4 Qc7 54. Kd2 Kh7 55. a4 Be7 56. Qb5 Qd6 57. a5 Qa3 58. Nc2 Qa2 59. a6 d4 60. exd4 Bb3 61. Qd3 Bb4+ 62. Kc1 Bxc2 63. Qxc2 Qa1+ 64. Qb1 Qc3+ 65. Qc2 Qa1+ 66. Qb1 Qc3+ 1/2-1/2